[Event "*** SCC Grand Prix: Titled Tuesday Blitz"]
[Site "Chess.com"]
[Date "2020.07.21"]
[Round "7"]
[White "Roman_Ovetchkin"]
[Black "2346PL"]
[Result "1-0"]
[WhiteElo "2593"]
[BlackElo "2395"]
[TimeControl "180+1"]
[EndTime "11:17:00 PDT"]
[Termination "Roman_Ovetchkin won by checkmate"]

1. d4 f5 2. c4 Nf6 3. Nc3 g6 4. h4 Bg7 5. h5 Nxh5 6. e4 Nf6 7. e5 Ng8 8. f4 d6 9. Nf3 e6 10. Be3 c6 11. Qc2 d5 12. g4 Ne7 13. gxf5 Nxf5 14. Bf2 Qe7 15. O-O-O Na6 16. Kb1 Nb4 17. Qd2 dxc4 18.
Bxc4 b5 19. Bb3 a5 20. Ne4 a4 21. Bc2 a3 22. b3 Nd5 23. Nc5 O-O 24. Be4 Ra7 25.
Rh2 b4 26. Rdh1 Nc3+ 27. Ka1 h6 28. Rg2 Qf7 29. Rhg1 Kh7 30. Bc2 Ba6 31. Nh4 Nxh4 32. Bxh4 Qxf4 33. Qxf4 Rxf4 34. Rxg6 Kh8 35. Nxe6 Rxh4 36.
Nxg7 Rf4 37. Ne8 Rf1+ 38. Rxf1 Bxf1 39. Nf6 Be2 40. Rg8# 1-0

[Event "*** SCC Grand Prix: Titled Tuesday Blitz"]
[Site "Chess.com"]
[Date "2020.07.21"]
[Round "7"]
[White "novocane"]
[Black "Vladislav_Chizhikov"]
[Result "0-1"]
[WhiteElo "2262"]
[BlackElo "2438"]
[TimeControl "180+1"]
[EndTime "11:17:01 PDT"]
[Termination "Vladislav_Chizhikov won on time"]

1. d4 d5 2. c4 e5 3. dxe5 d4 4. a3 Nc6 5. e3 dxe3 6. Qxd8+ Kxd8 7. Bxe3 Nxe5 8. Nf3 Ng4 9. Nc3 Nxe3 10. fxe3 Be6 11. O-O-O+ Kc8 12. Ng5 Nf6 13. Nxe6 fxe6 14. g3 Bc5 15.
Bh3 Re8 16. e4 c6 17. Rhf1 Kc7 18. e5 Nd7 19. Rf7 Re7 20. Rxe7 Bxe7 21. Bxe6 Nxe5 22.
Ne4 Rf8 23. Kc2 Rf3 24. Re1 b6 25. Nd2 Kd6 26. Nxf3 Nxf3 27. Rf1 Nd4+ 28. Kd3 Nxe6 29. b4 Bf6 30. h4 h6 31. Ke4 Nd4 32. Rd1 c5 33. h5 Ke6 34. g4 Be7 35. bxc5 bxc5 36. Rb1 Nc6 37. Rb7 Kd6 38. Kf5 Bf6 39. Kg6 Ne5+ 40.
Kf5 Nxc4 41. a4 a5 42. Kg6 Ne5+ 43. Kh7 c4 44. Ra7 c3 45. Ra6+ Nc6 0-1

[Event "*** SCC Grand Prix: Titled Tuesday Blitz"]
[Site "Chess.com"]
[Date "2020.07.21"]
[Round "7"]
[White "theblitzchamp"]
[Black "ChristianAlm"]
[Result "0-1"]
[WhiteElo "2663"]
[BlackElo "2539"]
[TimeControl "180+1"]
[EndTime "11:17:02 PDT"]
[Termination "ChristianAlm won by resignation"]

1. d4 Nf6 2. Bf4 c5 3. d5 d6 4. Nc3 g6 5. e4 Bg7 6. Qd2 O-O 7. a4 Na6 8. f3 Nb4 9. Bc4 Nh5 10. Be3 e6 11. dxe6 Bxe6 12. Bxe6 fxe6 13. Nge2 Rc8 14. Rd1 d5 15. exd5 exd5 16. Nxd5 Nxd5 17. Qxd5+ Qxd5 18. Rxd5 Bxb2 19. c3 Rfe8 20. Kd2 Rcd8 21. Rxd8 Rxd8+ 22. Kc2 Re8 23. Kd2 Rd8+ 24. Kc2 Re8 25. Kxb2 Rxe3 26.
Nc1 Nf4 27. g3 Nd3+ 28. Nxd3 Rxd3 29. f4 c4 30. Re1 Rd2+ 31. Ka3 Rxh2 32. Kb4 Rg2 33.
Re3 Ra2 34. Re7 h5 35. Rc7 Rg2 36. Rxb7 Rb2+ 0-1

[Event "*** SCC Grand Prix: Titled Tuesday Blitz"]
[Site "Chess.com"]
[Date "2020.07.21"]
[Round "7"]
[White "grunbergmihai"]
[Black "Th3_Hound"]
[Result "0-1"]
[WhiteElo "2434"]
[BlackElo "2599"]
[TimeControl "180+1"]
[EndTime "11:17:02 PDT"]
[Termination "Th3_Hound won by resignation"]

1. Nf3 Nf6 2. c4 g6 3. g3 Bg7 4.
Bg2 O-O 5. O-O d5 6. d4 dxc4 7. Na3 c3 8. bxc3 c5 9. e3 Nc6 10. Bb2 Qa5 11. Nc4 Qa6 12. Nce5 Bf5 13. Re1 Be4 14. Nxc6 Qxc6 15. Nh4 Bxg2 16. Nxg2 Rac8 17. Rb1 Rfd8 18. Qe2 cxd4 19. cxd4 Nd5 20. Rec1 Qa4 21.
Rxc8 Rxc8 22. Rc1 Rxc1+ 23. Bxc1 Nc3 24. Qd2 Nxa2 25. Bb2 Qc4 26. Nf4 Nb4 27. Ba3 a5 28. h4 h5 29. Kg2 e6 30. Nh3 b5 31. Ng5 Bf6 32. Ne4 Be7 33. Qd1 Qd5 34. Qf3 f5 35. Nc3 Qc4 36. Qa8+ Kf7 37. Qb7 Qxc3 0-1

[Event "*** SCC Grand Prix: Titled Tuesday Blitz"]
[Site "Chess.com"]
[Date "2020.07.21"]
[Round "7"]
[White "Keures"]
[Black "harkerchess"]
[Result "1-0"]
[WhiteElo "2244"]
[BlackElo "2100"]
[TimeControl "180+1"]
[EndTime "11:17:03 PDT"]
[Termination "Keures won by resignation"]

1. d4 d5 2. c4 c6 3. Nc3 Nf6 4. e3 e6 5. Nf3 Bd6 6. cxd5 exd5 7. h3 O-O 8. Qc2 Nbd7 9. b3 Re8 10. Bb2 Nb6 11. Bd3 h6 12. a4 Nbd7 13. Ba3 Bc7 14. b4 Nf8 15. b5 Ne6 16. bxc6 bxc6 17. Ne2 Bd7 18. O-O Ng5 19. Nxg5 hxg5 20. Bf5 Ne4 21. Bxd7 Qxd7 22. Rac1 Rac8 23. Nc3 f5 24. Qa2 Kh7 25. Qc2 Re6 26. Ne2 Rh6 27. f3 Nf6 28. Bb4 Kh8 29. Be1 g4 30. hxg4 fxg4 31. Bg3 gxf3 32. Rxf3 Ne4 33. Bxc7 Qxc7 34. Nf4 Qe7 35. Rh3 Rxh3 36.
Ng6+ Kh7 37. Nxe7 1-0

[Event "*** SCC Grand Prix: Titled Tuesday Blitz"]
[Site "Chess.com"]
[Date "2020.07.21"]
[Round "7"]
[White "Efremov_Vlad"]
[Black "Chessdemon2019"]
[Result "0-1"]
[WhiteElo "2188"]
[BlackElo "2361"]
[TimeControl "180+1"]
[EndTime "11:17:04 PDT"]
[Termination "Chessdemon2019 won by checkmate"]

1. d4 Nf6 2. c4 e6 3. Nf3 b6 4. g3 Bb7 5. Bg2 Bb4+ 6. Bd2 Bxd2+ 7.
Nbxd2 O-O 8. O-O d6 9. Qc2 Nbd7 10. e4 e5 11. d5 a5 12. b3 g6 13. a3 Nh5 14. b4 f5 15. Nh4 f4 16. Bh3 Ndf6 17. c5 Bc8 18. Bxc8 Rxc8 19. Nc4 axb4 20. axb4 bxc5 21. bxc5 Qd7 22. Qe2 Qh3 23. cxd6 Ng4 24. f3 fxg3 25. fxg4 Rxf1+ 26. Rxf1 gxh2+ 27. Qxh2 Qxg4+ 28. Ng2 cxd6 29. Nxd6 Rc2 30. Rf2 Qd1+ 31. Rf1 Qd4+ 32. Kh1 Qd3 33. Qh4 Qxf1+ 34. Kh2 Qxg2# 0-1

[Event "*** SCC Grand Prix: Titled Tuesday Blitz"]
[Site "Chess.com"]
[Date "2020.07.21"]
[Round "7"]
[White "kirillshevchenko"]
[Black "Lagmantr"]
[Result "0-1"]
[WhiteElo "2890"]
[BlackElo "2645"]
[TimeControl "180+1"]
[EndTime "11:17:05 PDT"]
[Termination "Lagmantr won by checkmate"]

1. d4 d5 2. c4 e6 3. Nc3 c6 4. Nf3 dxc4 5. a4 Bb4 6. e3 b5 7. Bd2 a5 8. axb5 Bxc3 9. Bxc3 cxb5 10. b3 Bb7 11. bxc4 b4 12. Bb2 Nf6 13. Bd3 O-O 14. O-O Nbd7 15. Re1 Qc7 16. e4 e5 17. Nxe5 Nxe5 18.
dxe5 Nd7 19. f4 Nc5 20. Bc2 a4 21. Bxa4 Rfd8 22. Qc2 Rxa4 23. Rxa4 b3 24. Qc3 Nxa4 25. Qxb3 Qc5+ 26. Kh1 Qf2 27. Rg1 Nc5 28. Qb6 Rd2 29.
h3 h5 30. Ba3 Bxe4 31. Bxc5 Bxg2+ 32. Kh2 Qxf4# 0-1

[Event "*** SCC Grand Prix: Titled Tuesday Blitz"]
[Site "Chess.com"]
[Date "2020.07.21"]
[Round "7"]
[White "Zhani-Z"]
[Black "Matols"]
[Result "1-0"]
[WhiteElo "2429"]
[BlackElo "2216"]
[TimeControl "180+1"]
[EndTime "11:17:05 PDT"]
[Termination "Zhani-Z won by resignation"]

1. e4 e6 2. d4 d5 3. Nc3 Nf6 4. e5 Nfd7 5. Nce2 c5 6. c3 Qb6 7.
Nf3 Nc6 8. a3 Be7 9. Nf4 O-O 10.
h4 Re8 11. Bd3 cxd4 12. cxd4 Nf8 13. b4 f6 14. O-O Bd7 15. Be3 f5 16. g3 Rac8 17.
Qd2 Qd8 18. Rac1 h6 19. Kg2 Nh7 20. Ng6 Nf8 21. h5 Nxg6 22. hxg6 Qb6 23. Rxc6 Rxc6 24.
Bxh6 Rf8 25. Rh1 Be8 26. Bxg7 f4 27. Bxf8 Bxf8 28. Qxf4 Qc7 29. Rh7 Bg7 30. Ng5 Qe7 31.
Qg4 Rc1 32. Nxe6 Bd7 33. Bf5 Bxe6 34. Bxe6+ Kf8 35. Bxd5 Ke8 36. Bf7+ Kd8 37. Rxg7 1-0

[Event "*** SCC Grand Prix: Titled Tuesday Blitz"]
[Site "Chess.com"]
[Date "2020.07.21"]
[Round "7"]
[White "RobertoJBM"]
[Black "Shield12"]
[Result "0-1"]
[WhiteElo "2653"]
[BlackElo "2851"]
[TimeControl "180+1"]
[EndTime "11:17:06 PDT"]
[Termination "Shield12 won by resignation"]

1. d4 d5 2. c4 e6 3. Nc3 Bb4 4.
cxd5 exd5 5. Nf3 Nf6 6. Bg5 h6 7. Bxf6 Qxf6 8. e3 c6 9. a3 Bd6 10. Be2 O-O 11. O-O a5 12. Qc2 Bf5 13. Bd3 Bxd3 14. Qxd3 Re8 15. Rab1 Na6 16. Rfe1 Nc7 17. b4 axb4 18. axb4 Ra3 19. Qc2 b5 20. e4 Qg6 21.
Re2 dxe4 22. Nxe4 Rxf3 23. Nxd6 Rxe2 24. Qxg6 fxg6 25. gxf3 Nd5 26. Ra1 Nxb4 27. Ra8+ Kh7 28. Rc8 g5 29. Rc7 Kg6 30. Kf1 Rd2 31. Ne8 Rxd4 32. Rxg7+ Kf5 33. Rf7+ Ke6 34. Rh7 Rh4 35. Ke2 Nd5 36. Ng7+ Ke5 37. Rh8 Rxh2 38. Rc8 Nb4 39. Re8+ Kd5 40. Nf5 c5 41. Rb8 Nc2 42. Rxb5 Nd4+ 43. Nxd4 Kxd4 44. Rb8 Rh1 45. Rd8+ Kc3 46. Rf8 Rh4 47. Rc8 c4 48. Ke3 Kc2 49. Rc6 c3 50. f4 gxf4+ 51. Kd4 Rh3 52. Ke4 Kd2 53. Kxf4 c2 54. Kg4 Rc3 0-1

[Event "*** SCC Grand Prix: Titled Tuesday Blitz"]
[Site "Chess.com"]
[Date "2020.07.21"]
[Round "7"]
[White "Savva09022009"]
[Black "poppy73"]
[Result "1-0"]
[WhiteElo "2433"]
[BlackElo "2253"]
[TimeControl "180+1"]
[EndTime "11:17:06 PDT"]
[Termination "Savva09022009 won by resignation"]

1. d4 Nf6 2. Nc3 d5 3. Bf4 g6 4. Qd2 Bg7 5. O-O-O c6 6. Bh6 Bxh6 7. Qxh6 Nbd7 8. f3 e5 9. dxe5 Nxe5 10. e4 Be6 11. exd5 cxd5 12. Bb5+ Nc6 13. Nh3 Qe7 14. Nf4 O-O-O 15. Bxc6 bxc6 16. Nxe6 fxe6 17. Rhe1 e5 18. Qg5 Rhe8 19. Qd2 Nd7 20. Na4 Nb6 21. Qa5 Nxa4 22. Qxa4 Qc5 23. Rd3 Re7 24. Rc3 Qf2 25. Qxc6+ Kb8 26.
Rb3+ 1-0

[Event "*** SCC Grand Prix: Titled Tuesday Blitz"]
[Site "Chess.com"]
[Date "2020.07.21"]
[Round "7"]
[White "tylityli"]
[Black "kasparicy"]
[Result "0-1"]
[WhiteElo "2142"]
[BlackElo "2349"]
[TimeControl "180+1"]
[EndTime "11:17:06 PDT"]
[Termination "kasparicy won on time"]

1. d4 Nf6 2. c4 g6 3. Nc3 d5 4. cxd5 Nxd5 5. Bd2 Bg7 6. e4 Nb6 7. Be3 O-O 8. Bb5 a6 9. Be2 Nc6 10. Nf3 Bg4 11. d5 Bxf3 12. Bxf3 Ne5 13. Be2 c6 14. O-O cxd5 15. exd5 Nec4 16. Bd4 e5 17. Bxb6 Nxb6 18.
d6 Qd7 19. Qd3 Rfd8 20. Rfd1 Rac8 21. h4 Nc4 22. Ne4 Nxb2 23. Qb3 Nxd1 24. Rxd1 Qe6 25.
Qxb7 h6 26. d7 Rb8 27. Qxa6 Qe7 28. Bb5 Kh7 29. g3 Ra8 30. Qc6 Rxa2 31. Nc5 Rc2 32.
Rd5 e4 0-1

[Event "*** SCC Grand Prix: Titled Tuesday Blitz"]
[Site "Chess.com"]
[Date "2020.07.21"]
[Round "7"]
[White "ehrenfeld"]
[Black "anpospan"]
[Result "1-0"]
[WhiteElo "2506"]
[BlackElo "2274"]
[TimeControl "180+1"]
[EndTime "11:17:09 PDT"]
[Termination "ehrenfeld won by resignation"]

1. e4 Nc6 2. d4 e5 3. d5 Nce7 4. Be3 Nf6 5. f3 Ng6 6. c4 Bb4+ 7. Nd2 O-O 8. Bd3 Nh5 9. g3 d6 10. Qc2 b6 11. Ne2 Bc5 12. Nf1 Bxe3 13. Nxe3 Qg5 14. Qd2 a5 15. O-O-O Ne7 16. Kb1 g6 17. h4 Qh6 18. g4 Nf4 19. g5 Qh5 20. Nxf4 exf4 21. Ng2 Qxf3 22. Rdf1 Qg3 23. Nxf4 f6 24. h5 fxg5 25.
hxg6 Rxf4 26. gxh7+ Kf7 27. h8=Q Bf5 28. Qxa8 Ng6 29.
exf5 Ne5 30. Rh7+ 1-0

[Event "*** SCC Grand Prix: Titled Tuesday Blitz"]
[Site "Chess.com"]
[Date "2020.07.21"]
[Round "7"]
[White "Konavets"]
[Black "praveenb2002"]
[Result "1-0"]
[WhiteElo "3046"]
[BlackElo "2763"]
[TimeControl "180+1"]
[EndTime "11:17:10 PDT"]
[Termination "Konavets won by checkmate"]

1. c4 e5 2. Nc3 Nc6 3. g3 g6 4. Bg2 Bg7 5. Nf3 d6 6. O-O Nge7 7. Rb1 a5 8. a3 O-O 9. b4 axb4 10. axb4 f5 11. b5 Na5 12. Rb4 e4 13.
Ne1 Be6 14. f3 exf3 15. Nxf3 Bxc4 16. Ng5 h6 17. Rxc4 hxg5 18. Ra4 d5 19. d4 Bf6 20. Ba3 c6 21. Bc5 Nc4 22. Rxa8 Qxa8 23. Bxe7 Bxe7 24. Nxd5 cxd5 25. Bxd5+ Kg7 26. Bxc4 Bf6 27. Qd3 Rd8 28. e3 Qb8 29. Bb3 Qd6 30. Qc4 Qe7 31. Qe6 Qc7 32.
b6 Qe7 33. Qxe7+ Bxe7 34. Rc1 Bd6 35. Bd5 Kf6 36. Bxb7 Rb8 37. Rc6 Ke7 38. Ba6 Kd7 39. Bb5 Ke7 40. Ba6 Kd7 41. d5 Re8 42. Bb5 Rxe3 43.
Rc7+ Kd8 44. Rd7+ Kc8 45. Rxd6 Rb3 46. Ba6+ Kb8 47. Rd8# 1-0

[Event "*** SCC Grand Prix: Titled Tuesday Blitz"]
[Site "Chess.com"]
[Date "2020.07.21"]
[Round "7"]
[White "mikheeva86"]
[Black "Walter_White_Poland"]
[Result "1-0"]
[WhiteElo "1933"]
[BlackElo "2230"]
[TimeControl "180+1"]
[EndTime "11:17:10 PDT"]
[Termination "mikheeva86 won by resignation"]

1. e4 e6 2. d4 d5 3. e5 c5 4. c3 Nc6 5. Nf3 Qb6 6. a3 c4 7. Nbd2 Na5 8. h4 Bd7 9. h5 O-O-O 10. g3 Kb8 11. Bh3 f5 12. exf6 Nxf6 13. Ne5 Bd6 14. Nf7 Nb3 15. Nxb3 Ba4 16. Nxd6 Rxd6 17. Bf4 Ka8 18.
Bxd6 Qxd6 19. O-O Ne4 20. Qg4 Bxb3 21. Qxg7 Rf8 22. Bxe6 Rd8 23. Bf5 Nd2 24. Rfc1 a6 25.
Kg2 Rf8 26. Bg4 Ba4 27. Re1 Bc2 28. Qe7 Be4+ 29. Rxe4 Nxe4 30. Qxd6 Nxd6 31. Re1 Rf6 32. Re6 Rxe6 33. Bxe6 h6 34. Bxd5 Ka7 35. f4 b5 36.
g4 a5 37. g5 hxg5 38. fxg5 Nf5 39. Kf3 Kb6 40. Be4 Nd6 41. h6 b4 42. axb4 axb4 43. g6 1-0

[Event "*** SCC Grand Prix: Titled Tuesday Blitz"]
[Site "Chess.com"]
[Date "2020.07.21"]
[Round "7"]
[White "Bastiandash"]
[Black "vova-79"]
[Result "1-0"]
[WhiteElo "2372"]
[BlackElo "2485"]
[TimeControl "180+1"]
[EndTime "11:17:11 PDT"]
[Termination "Bastiandash won by checkmate"]

1. d4 d5 2. Nf3 Nf6 3. c3 c5 4.
Bg5 Qb6 5. Qb3 Qxb3 6. axb3 cxd4 7. Nxd4 Bd7 8. e3 e6 9. Nb5 Bxb5 10. Bxb5+ Nbd7 11. Nd2 Be7 12. O-O h6 13. Bh4 a6 14.
b4 Rd8 15. Be2 O-O 16. b5 axb5 17. Bxb5 Ne5 18. Ra7 Rb8 19. Bg3 Bd6 20. Rfa1 Rfd8 21. h3 g5 22. R1a2 Nc6 23. Bxc6 bxc6 24. Bxd6 Rxd6 25. Rc7 Ne8 26. Re7 Ng7 27. Raa7 Rf8 28. Nf3 Nf5 29. Rec7 c5 30. Ne5 Rb6 31. Nxf7 Re8 32.
Ne5 Rxb2 33. g4 Rb1+ 34. Kh2 Rb2 35. gxf5 Rxf2+ 36. Kg3 Rxf5 37. Rg7+ Kf8 38. Ng6# 1-0

[Event "*** SCC Grand Prix: Titled Tuesday Blitz"]
[Site "Chess.com"]
[Date "2020.07.21"]
[Round "7"]
[White "WPWPWP-2015"]
[Black "Ashedu66"]
[Result "1-0"]
[WhiteElo "2434"]
[BlackElo "2242"]
[TimeControl "180+1"]
[EndTime "11:17:11 PDT"]
[Termination "WPWPWP-2015 won by resignation"]

1. e4 e5 2. Nf3 Nc6 3. Bb5 Nge7 4. O-O g6 5. c3 Bg7 6. Re1 O-O 7. a4 d6 8. h3 h6 9. Bc4 Kh7 10. Na3 f5 11. d3 f4 12. d4 Ng8 13. b4 Qe7 14. b5 Nd8 15. dxe5 dxe5 16. Nc2 Qf6 17. Ba3 Re8 18. Nb4 c6 19. bxc6 bxc6 20. Nd3 Nf7 21. Qb3 Be6 22. Bxe6 Qxe6 23. Rab1 Rad8 24. Nc5 Qc8 25.
Qxf7 Nf6 26. Rb7 Rg8 27. Ne6 Rd7 28. Rxd7 Nxd7 29. Rd1 Nb6 30. Rd8 Qxd8 31. Nxd8 Rxd8 32. Nxe5 Rd1+ 33. Kh2 Ra1 34. Bf8 1-0

[Event "*** SCC Grand Prix: Titled Tuesday Blitz"]
[Site "Chess.com"]
[Date "2020.07.21"]
[Round "7"]
[White "Manukyan_Artak"]
[Black "Vision_64"]
[Result "1-0"]
[WhiteElo "2383"]
[BlackElo "2209"]
[TimeControl "180+1"]
[EndTime "11:17:11 PDT"]
[Termination "Manukyan_Artak won on time"]

1. e4 c5 2. Nf3 Nc6 3. c3 Nf6 4. e5 Nd5 5. d4 cxd4 6. cxd4 d6 7. Nc3 Nxc3 8. bxc3 dxe5 9. d5 e4 10. Ng5 Ne5 11.
Nxe4 g6 12. Bb5+ Bd7 13. Bxd7+ Qxd7 14. f4 Qf5 15. Qe2 Bg7 16. fxe5 Qxe5 17. O-O O-O 18. Rd1 f5 19. Ng3 Qxc3 20. Rb1 Bd4+ 21. Kh1 Rac8 22.
Bb2 Qc2 23. Bxd4 Qxe2 24. Nxe2 Rc2 25. Nf4 Rfc8 26. h4 Rxa2 27. Rxb7 Rcc2 28. Rxe7 1-0

[Event "*** SCC Grand Prix: Titled Tuesday Blitz"]
[Site "Chess.com"]
[Date "2020.07.21"]
[Round "7"]
[White "NormWeinstein"]
[Black "crackcubano"]
[Result "0-1"]
[WhiteElo "2466"]
[BlackElo "2648"]
[TimeControl "180+1"]
[EndTime "11:17:12 PDT"]
[Termination "crackcubano won by resignation"]

1. e4 c5 2. Nf3 d6 3. Nc3 a6 4. g3 b5 5. Bg2 Bb7 6. d4 b4 7.
Na4 cxd4 8. Nxd4 Nf6 9. Qe2 e6 10. O-O Qc7 11. Re1 Be7 12. a3 bxa3 13. Rxa3 O-O 14. c4 Nbd7 15. Ra1 Rfe8 16. b3 Nc5 17. Qc2 Bf8 18. Nc3 g6 19. Bb2 Rab8 20. Rad1 Ba8 21.
Ba1 e5 22. Ndb5 axb5 23. Nxb5 Qb6 24. b4 Ne6 25. Qd2 Rbd8 26. Bc3 Bc6 27. Na3 Ra8 28. Ra1 Ra4 29. Nc2 Rxa1 30. Bxa1 Qb7 31. f3 Ra8 32. Qd3 Ra2 33. Bf1 Qa7+ 34. Qe3 Qa4 35. Bd3 Rxc2 36. Bxc2 Qxc2 37. Qe2 Qb3 38. b5 Bb7 39. Rd1 Nd7 40. Kg2 Ndc5 41. Rc1 Nd4 42. Qd1 Qa2+ 43.
Kg1 Ne2+ 0-1

[Event "*** SCC Grand Prix: Titled Tuesday Blitz"]
[Site "Chess.com"]
[Date "2020.07.21"]
[Round "7"]
[White "ulises2013"]
[Black "mjray79"]
[Result "1-0"]
[WhiteElo "2637"]
[BlackElo "2379"]
[TimeControl "180+1"]
[EndTime "11:17:12 PDT"]
[Termination "ulises2013 won by resignation"]

1. d4 Nf6 2. c4 g6 3. Nc3 Bg7 4. e4 d6 5. Be2 O-O 6. Be3 e5 7. d5 a5 8. g4 Na6 9. h4 Ne8 10. h5 f5 11. hxg6 hxg6 12. gxf5 gxf5 13. exf5 Bxf5 14.
Qd2 Nb4 15. O-O-O Nf6 16. f3 e4 17. f4 Nd7 18. Nh3 Nc5 19. Rdg1 a4 20. Bd4 Rf7 21. Ng5 Rd7 22. Ne6 Bxe6 23. dxe6 Nxe6 24. Bxg7 Rxg7 25. f5 Ng5 26. Rh5 Nf7 27. Rxg7+ Kxg7 28. Nxe4 Nc6 29. f6+ Kf8 30. Ng5 Qd7 31. Nxf7 Kxf7 32. Rh7+ 1-0

[Event "*** SCC Grand Prix: Titled Tuesday Blitz"]
[Site "Chess.com"]
[Date "2020.07.21"]
[Round "7"]
[White "MendozaDavid2000"]
[Black "rududuyk"]
[Result "0-1"]
[WhiteElo "2251"]
[BlackElo "2074"]
[TimeControl "180+1"]
[EndTime "11:17:12 PDT"]
[Termination "rududuyk won on time"]

1. d4 e6 2. c4 f5 3. g3 Nf6 4. Nf3 Be7 5. Bg2 O-O 6. O-O d6 7. Nc3 Ne4 8. Qd3 Nxc3 9. bxc3 Nc6 10. e4 e5 11. Re1 f4 12. c5 Kh8 13. cxd6 cxd6 14.
d5 Na5 15. gxf4 exf4 16. e5 Bf5 17. Qd4 dxe5 18. Rxe5 Bf6 19. Bxf4 Rc8 20. Qxa7 Bxe5 21.
Bxe5 Rc4 22. Nd4 Bg4 23. Ne6 Bxe6 24. dxe6 Rg4 25. e7 Qxe7 26. Qxa5 Qg5 27. Bg3 Qxa5 0-1

[Event "*** SCC Grand Prix: Titled Tuesday Blitz"]
[Site "Chess.com"]
[Date "2020.07.21"]
[Round "7"]
[White "David_Paravyan"]
[Black "mishanick"]
[Result "0-1"]
[WhiteElo "3001"]
[BlackElo "2926"]
[TimeControl "180+1"]
[EndTime "11:17:14 PDT"]
[Termination "mishanick won on time"]

1. e4 c5 2. Nf3 d6 3. d4 cxd4 4. Nxd4 Nf6 5. Nc3 a6 6. f4 e5 7. Nb3 Qc7 8. a4 Be7 9. f5 O-O 10.
g4 d5 11. exd5 Bb4 12. Bg2 Bxc3+ 13. bxc3 Qxc3+ 14. Bd2 Qc4 15. g5 Nxd5 16. f6 Qh4+ 17. Kf1 Nf4 18. Bxf4 Qxf4+ 19. Qf3 Qxg5 20. fxg7 Rd8 21.
h4 Qh6 22. Nc5 Nc6 23. Ne4 Nd4 24. Qg3 Bf5 25. Ng5 Qxg7 26. Kf2 Rac8 27. Rac1 Nxc2 28. Rhd1 Nd4 0-1

[Event "*** SCC Grand Prix: Titled Tuesday Blitz"]
[Site "Chess.com"]
[Date "2020.07.21"]
[Round "7"]
[White "Munkhzul_Turmunkh"]
[Black "bocah_sakit"]
[Result "1-0"]
[WhiteElo "2610"]
[BlackElo "2716"]
[TimeControl "180+1"]
[EndTime "11:17:15 PDT"]
[Termination "Munkhzul_Turmunkh won on time"]

1. e4 c5 2. Nf3 Nc6 3. d4 cxd4 4. Nxd4 g6 5. c4 Nf6 6. Nc3 d6 7. Be2 Nxd4 8. Qxd4 Bg7 9. Be3 O-O 10. Qd2 a5 11. O-O a4 12. Bd4 Qa5 13. Rad1 Be6 14. f4 Rfc8 15.
b3 axb3 16. axb3 Qb4 17. f5 Bd7 18. Bxf6 Bxf6 19. Nd5 Qxd2 20. Nxf6+ exf6 21. Rxd2 Bc6 22. fxg6 hxg6 23. Rxf6 Bxe4 24. Rfxd6 Ra3 25. b4 Kg7 26. Kf2 Rb3 27. b5 Bf5 28. Rd8 Rc7 29. Rb8 Be6 30. h4 Rb4 31. g3 Kf6 32. Rd4 Ke5 33. Rd2 Kf6 34. g4 Bxc4 35. g5+ Ke5 36. Rc2 Kd6 37.
b6 Rc6 38. Bxc4 Rbxc4 39. Rxc4 Rxc4 40. Rxb7 Kc6 41. Rc7+ 1-0

[Event "*** SCC Grand Prix: Titled Tuesday Blitz"]
[Site "Chess.com"]
[Date "2020.07.21"]
[Round "7"]
[White "jsl796"]
[Black "checkmatequen"]
[Result "1-0"]
[WhiteElo "2886"]
[BlackElo "2317"]
[TimeControl "180+1"]
[EndTime "11:17:15 PDT"]
[Termination "jsl796 won by checkmate"]

1. d4 Nf6 2. c4 e6 3. Nc3 c5 4. d5 exd5 5. cxd5 d6 6. e4 g6 7.
f4 Bg7 8. Bb5+ Nfd7 9. Be2 O-O 10. Nf3 Re8 11. O-O Na6 12. Kh1 Nc7 13. a4 b6 14. Be3 Ba6 15. Nd2 f5 16. Bxa6 Nxa6 17.
Nc4 Nf6 18. e5 Ng4 19. e6 Nb4 20. Bg1 Qh4 21. h3 Rad8 22. Qd2 Nf6 23. Bf2 Qh6 24. Rad1 Nh5 25. Be1 Bd4 26. Nb5 Nxd5 27. Nxd4 cxd4 28. Qxd4 Nhxf4 29. Bd2 g5 30. Rde1 Nxh3 31. e7 Nxe7 32.
Rf3 Nf2+ 33. Kg1 Ne4 34. Bc3 Kf7 35. Rxe4 Nc6 36. Qd5+ Kg6 37. Qxf5+ Kh5 38. g4+ Kh4 39. Be1# 1-0

[Event "*** SCC Grand Prix: Titled Tuesday Blitz"]
[Site "Chess.com"]
[Date "2020.07.21"]
[Round "7"]
[White "Klavdia_Nik"]
[Black "DonPreuss"]
[Result "0-1"]
[WhiteElo "2030"]
[BlackElo "2170"]
[TimeControl "180+1"]
[EndTime "11:17:15 PDT"]
[Termination "DonPreuss won on time"]

1. Nf3 Nc6 2. d4 d6 3. e4 g6 4. Be2 Bg7 5. O-O e5 6. c3 Nge7 7. Bg5 O-O 8. Qd2 f6 9. Bh6 f5 10. Bxg7 Kxg7 11. exf5 Bxf5 12. dxe5 dxe5 13. Qg5 Nd5 14.
Qg3 Nf4 15. Re1 Qf6 16. Nh4 Rad8 17. Nxf5+ Qxf5 18. Na3 Rd2 19. Bf3 Nh3+ 20. gxh3 Qxf3 21. Nc4 Rxf2 22. Qxf3 R8xf3 23. Nxe5 Nxe5 24. Rxe5 Rxb2 25. Re7+ Kh6 26. Rxc7 Rff2 27. Re1 Rg2+ 28. Kh1 Rxh2+ 29. Kg1 Rbg2+ 30. Kf1 Rxa2 31. Kg1 Rag2+ 32. Kf1 Rb2 33. Kg1 Rxh3 0-1

[Event "*** SCC Grand Prix: Titled Tuesday Blitz"]
[Site "Chess.com"]
[Date "2020.07.21"]
[Round "7"]
[White "winniethepooh04"]
[Black "Boudicca64"]
[Result "1-0"]
[WhiteElo "2098"]
[BlackElo "1783"]
[TimeControl "180+1"]
[EndTime "11:17:16 PDT"]
[Termination "winniethepooh04 won on time"]

1. e4 c5 2. Nf3 e6 3. d4 cxd4 4. Nxd4 a6 5. Nc3 g6 6. a4 Bg7 7. Be3 Nc6 8. Nxc6 bxc6 9. Be2 Ne7 10. O-O O-O 11. f4 d5 12. exd5 cxd5 13. Bf3 Rb8 14.
Bd4 Bxd4+ 15. Qxd4 Nf5 16. Qe5 Qb6+ 17. Kh1 Ne3 18. Rfc1 Nc4 19. Qf6 Qxb2 20. Rab1 Qa3 21.
Bxd5 Nd2 22. Ra1 Qc5 23. Be4 Bb7 24. Bxb7 Rxb7 25. Rd1 Rd7 26. Rxd2 Rxd2 27. Ne4 Qxc2 28. Qe5 Rxg2 29. Nf6+ Kg7 30. Ne8+ Kh6 31. Qg5+ 1-0

[Event "*** SCC Grand Prix: Titled Tuesday Blitz"]
[Site "Chess.com"]
[Date "2020.07.21"]
[Round "7"]
[White "51616516516"]
[Black "Julianos82"]
[Result "1/2-1/2"]
[WhiteElo "2405"]
[BlackElo "2274"]
[TimeControl "180+1"]
[EndTime "11:17:18 PDT"]
[Termination "Game drawn by agreement"]

1. d4 d5 2. c4 dxc4 3. Nf3 c6 4. e3 Be6 5. a4 Nf6 6. Na3 c5 7. Bxc4 Bxc4 8. Nxc4 e6 9. O-O Be7 10. dxc5 Bxc5 11. Qxd8+ Kxd8 12. Nfe5 Ke7 13. Rd1 Nbd7 14. b3 Rhd8 15. Bb2 Rac8 16. h3 h5 17. Nxd7 Rxd7 18. Rxd7+ Kxd7 19. Rd1+ Ke7 20. f3 Rd8 21. Rxd8 Kxd8 22.
Kf1 a6 23. a5 Ke7 24. e4 g6 25.
Ke2 Nd7 26. f4 b5 27. axb6 Nxb6 28. Nxb6 Bxb6 29. g4 hxg4 30. hxg4 f5 31. exf5 exf5 32. gxf5 gxf5 33. Be5 Ke6 34. Kd3 Kd5 35. Bb8 Bc5 36.
Be5 Bb6 37. Bb8 Bd4 38. Bc7 Bb2 39. Bb8 Bf6 40. Bc7 Kc5 41. Bb8 Kb4 42. Kc2 Kc5 43.
Kd3 Kd5 44. Bc7 Be7 45. Bb8 Ba3 46. Bc7 Bb2 47. Bb8 Ba3 1/2-1/2

[Event "*** SCC Grand Prix: Titled Tuesday Blitz"]
[Site "Chess.com"]
[Date "2020.07.21"]
[Round "7"]
[White "DishonorOnYourCow"]
[Black "talaicito"]
[Result "1-0"]
[WhiteElo "2322"]
[BlackElo "2073"]
[TimeControl "180+1"]
[EndTime "11:17:18 PDT"]
[Termination "DishonorOnYourCow won by resignation"]

1. d4 e6 2. c4 f5 3. g3 Nf6 4. Bg2 Be7 5. Nh3 d6 6. O-O O-O 7.
b3 e5 8. dxe5 dxe5 9. Bb2 e4 10.
Nf4 c6 11. h4 a5 12. Qc1 Na6 13. Rd1 Qe8 14. Ba3 Nb4 15. Nc3 Bc5 16. Na4 Ba7 17. c5 Nfd5 18. Qc4 Kh8 19. Nxd5 Nxd5 20. e3 Be6 21. Qc2 Nb4 22. Qc3 Nd5 23. Qd4 Qe7 24.
Bb2 Rad8 25. Qe5 Bb8 26. Qd4 Nb4 27. Qc3 Nd3 28. Bf1 Ne5 29. Rxd8 Rxd8 30. Be2 Nd3 31. Rd1 Be5 32. Qc2 Nxb2 33. Nxb2 h6 34. Rxd8+ Qxd8 35. Na4 g5 36. hxg5 hxg5 37. Qd1 Kg7 38. Qxd8 1-0